 Dungeon Sprint DCSS version 0.31-a0-486-g8d68a81214 (webtiles) character file.

Game seed: 2843929783288537291

6893 rocky1 the Black Belt (level 11, -5/81 HPs)
             Began as an Octopode Shapeshifter on Aug 8, 2023.
             Was an Initiate of Gozag.
             Slain by a deep troll (23 damage)
             ... in the Dungeon (Sprint VII: "The Pits").
             The game lasted 00:08:42 (2850 turns).

rocky1 the Black Belt (Octopode Shapeshifter)       Turns: 2850, Time: 00:08:42

Health: -5/81      AC:  0    Str: 14    XL:     11   Next: 6%
Magic:  17/19      EV: 18    Int: 12    God:    Gozag
Gold:   1987       SH:  0    Dex: 16    Spells: 18/21 levels left

rFire   . .          .
                       - Unarmed
rCold   . . .        (shield currently unavailable)
rNeg    . . .        (helmet currently unavailable)
rPois   .            (no amulet)
rElec   .            l - melded +3 ring of evasion
rCorr   .            m - melded +3 ring of strength
SInv    .            (ring currently unavailable)
Will    .....        (ring currently unavailable)
Stlth   +++++        (ring currently unavailable)
HPRegen 0.33/turn    (ring currently unavailable)
MPRegen 0.16/turn    (ring currently unavailable)
                     (ring currently unavailable)

%: no teleportation
@: pig-form, wereblooded, gold aura, studying Transmutations, invisible, very
quick
A: fast, no casting, almost no armour, (amphibious), (8 rings), small,
(camouflage 1), (gelatinous body 1), (nimble swimmer 1), (tentacles)
a: Renounce Religion, Potion Petition, Call Merchant, Bribe Branch


You were in the Dungeon.
You worshipped Gozag.
Gozag was most pleased with you.
You were a filthy swine.
You visited 1 branch You collected 4158 gold pieces.
You spent 1512 gold pieces at shops.
You paid 659 gold pieces to Gozag.

Inventory:

Jewellery
 l - a +3 ring of evasion (melded)
 m - a +3 ring of strength (melded)
Talismans
 b - a beast talisman
Scrolls
 j - 5 scrolls of amnesia
 k - a scroll of summoning
Potions
 a - a potion of lignification
 c - 6 potions of curing
 d - 3 potions of heal wounds
 e - a potion of haste
 f - 4 potions of magic
 g - 2 potions of berserk rage
 n - 2 potions of might
 o - a potion of brilliance


   Skills:
 + Level 9.8 Fighting
 + Level 7.1 Dodging
 + Level 11.9 Stealth
 + Level 15.4 Unarmed Combat
 * Level 5.6 Spellcasting
 * Level 8.7 Transmutations
 + Level 5.5 Poison Magic
 + Level 11.1 Shapeshifting


You had 18 spell levels left.
You knew the following spells:

 Your Spells              Type           Power      Damage    Failure   Level
a - Wereblood             Tmut           24%        N/A       1%          2
b - Sting                 Tmut/Pois      80%        1d7       1%          1

Your spell library contained the following spells:

 Spells                   Type           Power      Damage    Failure   Level
 Summon Horrible Things   Summ           1%         N/A       100%        8


Dungeon Overview and Level Annotations

Branches:
Dungeon (1/1)

Altars:
Ashenzari
Cheibriados
Dithmenos
Elyvilon
Fedhas
Gozag
Hepliaklqana
Kikubaaqudgha
Makhleb
Nemelex Xobeh
Okawaru
Qazlal
Ru
Sif Muna
Trog
Uskayaw
Vehumet
Wu Jian
Xom
Yredelemnul
Zin
The Shining One
Jiyva
Lugonu

Shops:
D :

Annotations:
D Grum, Kirke


Innate Abilities, Weirdness & Mutations

You are a filthy swine.
You move quickly.
Your equipment is almost entirely melded.
You are incapable of wielding weapons or throwing items.
You cannot cast spells.
You cannot wear most types of armour.
((You are amphibious.))
((You can wear up to eight rings at the same time.))
((Your skin changes colour to match your surroundings (Stealth+).))
((Your rubbery body absorbs attacks. (AC +1, EV +1)))
((You are camouflaged when in or above water. (Stealth+)))
((You have tentacles for arms and can constrict up to eight enemies at once.))


Message History

The deep troll closely misses you. The deep troll completely misses you.
The deep troll claws you! The endoplasm misses you.
You hear a shout!
You squeal as the wereblood boils in your veins!
You feel very sick.
The hog squeals angrily.
The blink frog gives a loud, deep croak!
Grum is no longer distracted by gold.
You feel better.
You squeal as the wereblood boils in your veins!
The blink frog gives a loud, deep croak!
The orc wizard is no longer distracted by gold.
The blink frog is no longer distracted by gold.
The hog is no longer distracted by gold.
The iguana is no longer distracted by gold.
You completely miss the deep troll.
The deep troll is heavily wounded.
The quokka is no longer distracted by gold.
The blink frog is distracted by your dazzling golden aura.
The hog is distracted by your dazzling golden aura.
The orange demon is distracted by your dazzling golden aura.
The orc is distracted by your dazzling golden aura.
The deep troll barely misses you. The deep troll claws you!
* * * LOW HITPOINT WARNING * * *
The deep troll claws you.
* * * LOW HITPOINT WARNING * * *
You barely miss the deep troll.
The deep troll is heavily wounded.
The orc shouts!
The blink frog is no longer distracted by gold.
The redback is no longer distracted by gold.
The orc is distracted by your dazzling golden aura.
The deep troll completely misses you. x2; The deep troll closely misses you.
The orange demon screeches!
The orc shouts!
The hog squeals angrily.
The orc wizard shouts!
The blink frog croaks.
The iguana hisses angrily.
You hit the deep troll but do no damage.
The deep troll is heavily wounded.
The deep troll bites you!!
You die...
Your body crumbles into a pile of gold.

##### ###############
#### ##
..............###..# ...
$ #.....)).......#..##
#.#. $$
###..)#'######...##......
..#####.##...##'##.#.#.#.
....##...#...#...#ooo....
.....#...#...#...#J.hh...
.....+...'.[.'..hTo4Fh.l.
.....#...#...#..$#{sFrF..
....##...#...#...#h.g....
..#####.##...##'##.#.#.#.
$
###...#'######F..##......
#..............#..## #.#.
..............###..# ...
############### ### ##


You could see a deep troll, an orange demon (unable to see you), Grum (unable to
see you), 3 hogs, 4 blink frogs, a redback (unable to see you), an iguana
(wandering, unable to see you), an orc wizard (wandering, unable to see you), 2
orcs, an endoplasm and a quokka (wandering, unable to see you).

Vanquished Creatures
  Erolcha (D)
  A hydra (D)
  A bog body (D)
  A deep troll (D)
  A salamander (shapeshifter) (D)
  An elephant (D)
  A cane toad (D)
  An ice devil (D)
  A freezing wraith (D)
  A polar bear (D)
  A wind drake (D)
  2 flying skulls (D)
  A shadow (D)
  A fire bat (D)
  A wyvern (D)
  3 hogs (D)
  A basilisk (D)
  A redback (D)
  A warg (D)
  A floating eye (D)
  A sky beast (D)
  2 ice beasts (D)
  Pargi (D)
  An ogre (D)
  A centaur (D)
  2 wolves (D)
  A bullfrog (D)
  A necrophage (D)
  2 scorpions (D)
  2 gnoll boudas (D)
  A hound (D)
  An orc priest (D)
  An iron imp (D)
  A hell rat (D)
  A mummy (D)
  8 gnolls (D)
  A river rat (D)
  An ufetubus (D)
  4 orcs (D)
  A bat (D)
  A goblin (D)
  2 frilled lizards (D)
  A jackal simulacrum (D)
  2 kobolds (D)
  A quokka skeleton (D)
64 creatures vanquished.

Notes
Turn   | Place    | Note
-------+----------+-------------------------------------------
     0 | D        | rocky1 the Octopode Shapeshifter began the quest for the
                  | Orb.
     0 | D        | Reached XP level 1. HP: 13/13 MP: 1/1
    30 | D        | Found a bloodstained altar of Trog.
    30 | D        | Found a shimmering blue altar of Sif Muna.
    30 | D        | Found a viscous altar of Jiyva.
    30 | D        | Found a hazy altar of Hepliaklqana.
    30 | D        | Found an opulent altar of Gozag.
    31 | D        | Found a glowing golden altar of the Shining One.
    31 | D        | Found a glowing silver altar of Zin.
    31 | D        | Found a basalt altar of Yredelemnul.
    31 | D        | Found a shimmering altar of Xom.
    31 | D        | Found an ornate altar of the Wu Jian Council.
    31 | D        | Found a sacrificial altar of Ru.
    31 | D        | Found a stormy altar of Qazlal.
    31 | D        | Found an iron altar of Okawaru.
    31 | D        | Found a sparkling altar of Nemelex Xobeh.
    31 | D        | Found a burning altar of Makhleb.
    31 | D        | Found a blossoming altar of Fedhas.
    31 | D        | Found a white marble altar of Elyvilon.
    31 | D        | Found a shadowy altar of Dithmenos.
    31 | D        | Found a snail-covered altar of Cheibriados.
    34 | D        | Found a corrupted altar of Lugonu.
    34 | D        | Found a radiant altar of Vehumet.
    35 | D        | Found an ancient bone altar of Kikubaaqudgha.
    35 | D        | Found a hide-covered altar of Uskayaw.
    35 | D        | Found a broken altar of Ashenzari.
    38 | D        | Became a worshipper of Gozag Ym Sagoz the Greedy
    70 | D        | Noticed a floating eye
    70 | D        | Noticed a scorpion
    73 | D        | Killed a floating eye
    74 | D        | Reached skill level 5 in Stealth
    74 | D        | Reached skill level 4 in Unarmed Combat
    74 | D        | Reached XP level 2. HP: 22/22 MP: 2/2
    74 | D        | Reached XP level 3. HP: 27/27 MP: 3/3
    74 | D        | Reached XP level 4. HP: 33/33 MP: 4/4
    78 | D        | Killed a scorpion
    79 | D        | Reached skill level 5 in Unarmed Combat
    79 | D        | Reached XP level 5. HP: 31/38 MP: 5/5
   198 | D        | Reached skill level 5 in Shapeshifting
   201 | D        | Reached skill level 5 in Dodging
   511 | D        | Noticed an ice beast
   517 | D        | Reached skill level 5 in Fighting
   517 | D        | Reached skill level 6 in Unarmed Combat
   519 | D        | Reached XP level 6. HP: 41/45 MP: 6/6
   524 | D        | Killed an ice beast
   581 | D        | Noticed Pargi
   582 | D        | Noticed a warg
   595 | D        | Reached skill level 7 in Unarmed Combat
   604 | D        | Killed Pargi
   610 | D        | Reached XP level 7. HP: 31/53 MP: 7/7
   612 | D        | Reached skill level 8 in Unarmed Combat
   623 | D        | Killed a warg
   775 | D        | Reached skill level 9 in Unarmed Combat
   797 | D        | Noticed a salamander
   805 | D        | Killed a salamander
   806 | D        | Reached skill level 10 in Unarmed Combat
   806 | D        | Reached XP level 8. HP: 20/60 MP: 8/8
   939 | D        | Noticed a flying skull
   947 | D        | Killed a flying skull
   948 | D        | Reached skill level 10 in Stealth
   948 | D        | Reached skill level 11 in Unarmed Combat
  1022 | D        | Noticed a deep troll
  1030 | D        | Killed a deep troll
  1031 | D        | Reached skill level 12 in Unarmed Combat
  1031 | D        | Reached XP level 9. HP: 44/65 MP: 9/9
  1425 | D        | Bought the Secrets of Transforming Accompaniment for 392
                  | gold pieces
  1425 | D        | Bought a manual of Transmutations for 1120 gold pieces
  1459 | D        | Reached skill level 1 in Transmutations
  1539 | D        | Noticed an elephant
  1553 | D        | Noticed a polar bear
  1559 | D        | Reached skill level 13 in Unarmed Combat
  1559 | D        | Reached skill level 1 in Spellcasting
  1569 | D        | Killed a polar bear
  1731 | D        | Learned a level 2 spell: Wereblood
  1733 | D        | Learned a level 1 spell: Sting
  1750 | D        | Reached skill level 1 in Poison Magic
  1758 | D        | Killed an elephant
  2065 | D        | Noticed Erolcha
  2071 | D        | Killed Erolcha
  2072 | D        | Reached skill level 14 in Unarmed Combat
  2072 | D        | Reached skill level 5 in Transmutations
  2072 | D        | Reached skill level 10 in Shapeshifting
  2072 | D        | Reached XP level 10. HP: 73/73 MP: 13/15
  2432 | D        | Noticed an eight-headed hydra
  2453 | D        | Killed an eight-headed hydra
  2702 | D        | Noticed a bog body
  2707 | D        | Reached skill level 5 in Poison Magic
  2711 | D        | Killed a bog body
  2712 | D        | Reached skill level 5 in Spellcasting
  2824 | D        | Noticed a cane toad
  2825 | D        | Noticed an orange demon
  2825 | D        | Noticed Grum
  2827 | D        | Noticed Kirke
  2827 | D        | Noticed a deep troll
  2833 | D        | Reached skill level 15 in Unarmed Combat
  2834 | D        | Killed a cane toad
  2838 | D        | Reached XP level 11. HP: 75/81 MP: 15/19
  2850 | D        | Slain by a deep troll

Illustrated notes

Levels and vault maps discovered:
D:        pitsprint [storerooms_1, entrance_room_1, metal_vault_1, armoury_1,
          mini_pit_1, grid_room_1, main_hall_1, silver_pit, the_coven_1,
          the_vestibule_1, steel_vault_2, golden_pit, hallway_of_sentries,
          crystal_vault_1, iron_vault_4, final_vault]

Skill      XL: |  1  2  3  4  5  6  7  8  9 10 |
---------------+-------------------------------+-----
Fighting       | 3 4 5 6 7 8 9 |  9.8
Dodging        | 4 5 6 7 |  7.1
Stealth        | 5 6 7 9 11 | 11.9
Unarmed Combat | 4 5 6 7 10 12 14 15 | 15.4
Shapeshifting  | 4 5 7 8 10 11 | 11.1
Transmutations | 5 8 |  8.7
Spellcasting   | 3 5 |  5.6
Poison Magic   | 3 5 |  5.5

Action                     |  1- 3 |  4- 6 |  7- 9 | 10-12 || total
---------------------------+-------+-------+-------+-------++-------
  Melee: Unarmed           |     3 |    32 |    82 |    41 ||   158
         Constrict         |     2 |     6 |    16 |     7 ||    31
         Tentacles         |     1 |     4 |    20 |    12 ||    37
         Punch             |     1 |     2 |     8 |     3 ||    14
   Cast: Wereblood         |       |       |       |     3 ||     3
         Sting             |       |       |       |     1 ||     1
 Invoke: Call Merchant     |       |       |     1 |       ||     1
    Use: Potion            |       |       |     9 |     6 ||    15
         Scroll            |       |       |       |     1 ||     1
   Stab: Sleeping          |     1 |     3 |     8 |       ||    12
         Distracted        |       |       |     1 |       ||     1
         Invisible         |       |       |       |     6 ||     6
 Armour: Skin              |       |       |     3 |     1 ||     4
  Dodge: Dodged            |       |    22 |    61 |    30 ||   113

Table legend: (Time is in decaauts)
 A = Elapsed time spent in this place.
 B = Non-inter-level travel time spent in this place.
 C = Inter-level travel time spent in this place.
 D = Time resting spent in this place.
 E = Time spent auto-exploring this place.
 F = Levels seen in this place.
 G = Mean time per level.
                   A        B        C        D        E       F      G
               +--------+--------+--------+--------+--------+-----+--------+
         Total |   2848 |   2787 |     61 |   2128 |      0 |   1 | 2848.0 |
       Dungeon |   2848 |   2787 |     61 |   2128 |      0 |   1 | 2848.0 |
               +--------+--------+--------+--------+--------+-----+--------+

Top non-repeatable levels by time:
       D: 2848 daAuts
